ACL
ACL MINNESOTA TWINS @ ACL OTTAWA LYNX
05/15/2042
 
TOP OF THE 1ST
ACL Minnesota Twins batting - Pitching for ACL Ottawa Lynx : LHP Dave Mahoney
Pitching: LHP Dave Mahoney
Batting: RHB Ronnie Spencer 0-0: Ball
1-0: Ball
2-0: Ball
3-0: Base on Balls
Batting: LHB Sam Anderson 0-0: Sac Bunt to 23 - play at first, batter OUT! 3-4
Ronnie Spencer to second
Batting: RHB Chris McAllister 0-0: Called Strike
0-1: Ball
1-1: TRIPLE (Line Drive, 78XD, EV 107.5 MPH)
Ronnie Spencer scores
Batting: RHB Del John 0-0: Ball
1-0: Ball
2-0: Ball
3-0: Base on Balls
Batting: RHB Wes Reynalds 0-0: Called Strike
0-1: Ball
1-1: Ball
2-1: Foul Ball, location: 5SF
2-2: Ball
3-2: Strikes out swinging
Batting: RHB Danny Bowman 0-0: Ball
1-0: Ball
2-0: Ball
3-0: Called Strike
3-1: Base on Balls
Del John to second
Batting: RHB Steve Stevenson 0-0: Ball
1-0: Ball
2-0: Foul Ball, location: 3F
2-1: Foul Ball, location: 2F
2-2: Ball
3-2: Base on Balls
Chris McAllister scores
Del John to third
Danny Bowman to second
Batting: RHB Curt Brooks 0-0: Fly out, F7 (Flyball, 7S, EV 83.1 MPH)
Top of the 1st over - 2 runs, 1 hit, 0 errors, 3 left on base; ACL Minnesota 2 - ACL Ottawa 0
BOTTOM OF THE 1ST
ACL Ottawa Lynx batting - Pitching for ACL Minnesota Twins : RHP Raúl Colón
Pitching: RHP Raúl Colón
Batting: LHB Wally Snow 0-0: Foul Ball, location: 25FF
0-1: Ground out 6-3 (Groundball, 56, EV 87.5 MPH)
Batting: RHB Yvon Fleury 0-0: Foul Ball, location: 7LMF
0-1: Called Strike
0-2: Ball
1-2: Ball
2-2: Strikes out swinging
Batting: RHB Bodil Thodberg 0-0: Swinging Strike
0-1: Ball
1-1: Called Strike
1-2: Ground out U3 (Groundball, 13, EV 80.6 MPH)
Bottom of the 1st over - 0 runs, 0 hits, 0 errors, 0 left on base; ACL Minnesota 2 - ACL Ottawa 0
TOP OF THE 2ND
ACL Minnesota Twins batting - Pitching for ACL Ottawa Lynx : LHP Dave Mahoney
Batting: RHB Ron Mitchell 0-0: Called Strike
0-1: Called Strike
0-2: Ball
1-2: Strikes out swinging
Batting: RHB Ronnie Spencer 0-0: Ball
1-0: Ball
2-0: Ball
3-0: Base on Balls
Batting: LHB Sam Anderson 0-0: Ball
1-0: Ball
2-0: Ball
3-0: Swinging Strike
3-1: Called Strike
3-2: Base on Balls
Ronnie Spencer to second
Batting: RHB Chris McAllister 0-0: Ball
1-0: Swinging Strike
1-1: Foul Ball, location: 5FF
1-2: Ball
2-2: Fielders Choice at 2nd, 5-4 (Groundball, 56S, EV 83.8 MPH)
Ronnie Spencer to third
Batting: RHB Del John 0-0: 3-RUN HOME RUN (Flyball, 78XD, EV 98.8 MPH), Distance : 414 ft
Batting: RHB Wes Reynalds 0-0: Fly out, F9 (Flyball, 9LS, EV 81.9 MPH)
Top of the 2nd over - 3 runs, 1 hit, 0 errors, 0 left on base; ACL Minnesota 5 - ACL Ottawa 0
BOTTOM OF THE 2ND
ACL Ottawa Lynx batting - Pitching for ACL Minnesota Twins : RHP Raúl Colón
Batting: RHB Ed Collier 0-0: Ball
1-0: Swinging Strike
1-1: Ball
2-1: Called Strike
2-2: Strikes out looking
Batting: SHB Ken Warner 0-0: Foul Ball, location: 7LDF
0-1: Ball
1-1: Foul Ball, location: 23FF
1-2: Strikes out looking
Batting: RHB Pat Lee 0-0: Ball
1-0: Ball
2-0: Ball
3-0: Base on Balls
Batting: RHB Randy Bean Pickoff Throw to First - Out! 1-3 CS
Bottom of the 2nd over - 0 runs, 0 hits, 0 errors, 0 left on base; ACL Minnesota 5 - ACL Ottawa 0
TOP OF THE 3RD
ACL Minnesota Twins batting - Pitching for ACL Ottawa Lynx : LHP Dave Mahoney
Batting: RHB Danny Bowman 0-0: Foul Ball, location: 2F
0-1: Swinging Strike
0-2: Ball
1-2: Foul Ball, location: 23F
1-2: Ground out 1-3 (Groundball, P, EV 67.5 MPH)
Batting: RHB Steve Stevenson 0-0: Called Strike
0-1: Ball
1-1: Foul Ball, location: 9LDF
1-2: SOLO HOME RUN (Flyball, 7D, EV 96.9 MPH), Distance : 370 ft
Pitching: LHP Juan Colón
Batting: RHB Curt Brooks 0-0: Ball
1-0: Swinging Strike
1-1: Ball
2-1: Foul Ball, location: 9LSF
2-2: Strikes out swinging
Batting: RHB Ron Mitchell 0-0: Foul Ball, location: 5DF
0-1: Called Strike
0-2: Ball
1-2: Ball
2-2: Foul Ball, location: 3FF
2-2: DOUBLE (Line Drive, 9LM, EV 108.8 MPH)
Batting: RHB Ronnie Spencer 0-0: Ball
1-0: Swinging Strike
1-1: Foul Ball, location: 3F
1-2: Fly out, F6 (Line Drive, 6, EV 75.0 MPH)
Top of the 3rd over - 1 run, 2 hits, 0 errors, 1 left on base; ACL Minnesota 6 - ACL Ottawa 0
BOTTOM OF THE 3RD
ACL Ottawa Lynx batting - Pitching for ACL Minnesota Twins : RHP Raúl Colón
Pitching: LHP Arlen James
Batting: RHB Randy Bean 0-0: Swinging Strike
0-1: Ball
1-1: Swinging Strike
1-2: Ball
2-2: Ball
3-2: Strikes out swinging, 2-3 out at first.
Batting: RHB Joey Oldknow 0-0: Ball
1-0: Fly out, F8 (Flyball, 8RD, EV 96.9 MPH)
Batting: RHB Kevin Lucas 0-0: Ball
1-0: SINGLE (Flyball, 34D, EV 95.6 MPH)
Batting: LHB Wally Snow 0-0: TRIPLE (Line Drive, 89XD, EV 96.9 MPH)
Kevin Lucas scores
Batting: RHB Yvon Fleury 0-0: Ball
1-0: Called Strike
1-1: Ball
2-1: Foul Ball, location: 7LMF
2-2: Strikes out looking
Bottom of the 3rd over - 1 run, 2 hits, 0 errors, 1 left on base; ACL Minnesota 6 - ACL Ottawa 1
TOP OF THE 4TH
ACL Minnesota Twins batting - Pitching for ACL Ottawa Lynx : LHP Juan Colón
Batting: LHB Sam Anderson 0-0: Ball
1-0: Ball
2-0: Called Strike
2-1: Foul Ball, location: 2F
2-2: Strikes out swinging
Batting: RHB Chris McAllister 0-0: Ball
1-0: Foul Ball, location: 9LDF
1-1: Ball
2-1: Ball
3-1: Base on Balls
Batting: RHB Del John 0-0: Ball
Chris McAllister is caught stealing 2nd base 2-4
1-0: Called Strike
1-1: Swinging Strike
1-2: Ball
2-2: Strikes out swinging
Top of the 4th over - 0 runs, 0 hits, 0 errors, 0 left on base; ACL Minnesota 6 - ACL Ottawa 1
BOTTOM OF THE 4TH
ACL Ottawa Lynx batting - Pitching for ACL Minnesota Twins : LHP Arlen James
Batting: RHB Bodil Thodberg 0-0: Swinging Strike
0-1: Ball
1-1: Ball
2-1: Ball
3-1: Fly out, F9 (Flyball, 89S, EV 90.0 MPH)
Batting: RHB Ed Collier 0-0: Swinging Strike
0-1: Ball
1-1: Swinging Strike
1-2: Fly out, F8 (Flyball, 89M, EV 86.9 MPH)
Batting: SHB Ken Warner 0-0: Foul Ball, location: 7LSF
0-1: Foul Ball, location: 9LDF
0-2: Strikes out swinging
Bottom of the 4th over - 0 runs, 0 hits, 0 errors, 0 left on base; ACL Minnesota 6 - ACL Ottawa 1
TOP OF THE 5TH
ACL Minnesota Twins batting - Pitching for ACL Ottawa Lynx : LHP Juan Colón
Batting: RHB Wes Reynalds 0-0: Called Strike
0-1: Fly out, F7 (Flyball, 78S, EV 88.8 MPH)
Batting: RHB Danny Bowman 0-0: Ground out 4-3 (Groundball, 4, EV 88.8 MPH)
Batting: RHB Steve Stevenson 0-0: Ball
1-0: Swinging Strike
1-1: Swinging Strike
1-2: Foul Ball, location: 2F
1-2: Foul Ball, location: 23F
1-2: Foul Ball, location: 9LSF
1-2: Ball
2-2: Ball
3-2: Base on Balls
Batting: RHB Curt Brooks 0-0: Ball
1-0: Called Strike
1-1: Called Strike
Steve Stevenson is caught stealing 2nd base 2-4
Top of the 5th over - 0 runs, 0 hits, 0 errors, 0 left on base; ACL Minnesota 6 - ACL Ottawa 1
BOTTOM OF THE 5TH
ACL Ottawa Lynx batting - Pitching for ACL Minnesota Twins : LHP Arlen James
Batting: RHB Pat Lee 0-0: Swinging Strike
0-1: Foul Ball, location: 2F
0-2: Foul Ball, location: 9LDF
0-2: Ball
1-2: Ball
2-2: Ball
3-2: Strikes out looking
Batting: RHB Randy Bean 0-0: Called Strike
0-1: Called Strike
0-2: Strikes out looking
Batting: RHB Joey Oldknow 0-0: Ball
1-0: Ball
2-0: Ball
3-0: Called Strike
3-1: Called Strike
3-2: Strikes out swinging
Bottom of the 5th over - 0 runs, 0 hits, 0 errors, 0 left on base; ACL Minnesota 6 - ACL Ottawa 1
TOP OF THE 6TH
ACL Minnesota Twins batting - Pitching for ACL Ottawa Lynx : LHP Juan Colón
Batting: RHB Curt Brooks 0-0: Ground out U3 (Groundball, 34, EV 109.4 MPH)
Batting: RHB Ron Mitchell 0-0: Ball
1-0: Ball
2-0: Called Strike
2-1: Called Strike
2-2: Foul Ball, location: 5F
2-2: Strikes out swinging
Batting: RHB Ronnie Spencer 0-0: Called Strike
0-1: Ball
1-1: Swinging Strike
1-2: Ball
2-2: Foul Ball, location: 7LSF
2-2: Strikes out swinging
Top of the 6th over - 0 runs, 0 hits, 0 errors, 0 left on base; ACL Minnesota 6 - ACL Ottawa 1
BOTTOM OF THE 6TH
ACL Ottawa Lynx batting - Pitching for ACL Minnesota Twins : LHP Arlen James
Batting: RHB Kevin Lucas 0-0: Called Strike
0-1: Swinging Strike
0-2: Ball
1-2: Ball
2-2: Strikes out swinging
Batting: LHB Wally Snow 0-0: Ball
1-0: SINGLE (Line Drive, 78S, EV 100.0 MPH)
Batting: RHB Yvon Fleury 0-0: Ball
1-0: Ball
2-0: Called Strike
2-1: Ball
3-1: Called Strike
3-2: Foul Ball, location: 2F
3-2: Strikes out swinging
Batting: RHB Bodil Thodberg 0-0: Ball
1-0: Foul Ball, location: 2F
1-1: Swinging Strike
1-2: Strikes out swinging
Bottom of the 6th over - 0 runs, 1 hit, 0 errors, 1 left on base; ACL Minnesota 6 - ACL Ottawa 1
TOP OF THE 7TH
ACL Minnesota Twins batting - Pitching for ACL Ottawa Lynx : LHP Juan Colón
Batting: LHB Sam Anderson 0-0: Ground out 6-3 (Groundball, 6M, EV 107.5 MPH)
Batting: RHB Chris McAllister 0-0: Ball
1-0: Ball
2-0: Ball
3-0: Base on Balls
Pitching: RHP Víctor Gutiérrez
Batting: RHB Del John 0-0: Foul Ball, location: 23F
0-1: Ball
1-1: Called Strike
Chris McAllister steals 2nd base
1-2: Strikes out swinging
Batting: RHB Wes Reynalds 0-0: Swinging Strike
0-1: Swinging Strike
0-2: Ball
1-2: 2-RUN HOME RUN (Flyball, 7LD, EV 97.5 MPH), Distance : 349 ft
Batting: RHB Danny Bowman 0-0: Ball
1-0: Called Strike
1-1: Called Strike
1-2: Ball
2-2: Ball
3-2: SINGLE (Groundball, 6M, EV 87.5 MPH)
Batting: RHB Steve Stevenson 0-0: Ball
1-0: Called Strike
1-1: Ball
2-1: 2-RUN HOME RUN (Flyball, 78XD, EV 101.9 MPH), Distance : 411 ft
Batting: RHB Curt Brooks 0-0: Foul Ball, location: 7LSF
0-1: Swinging Strike
0-2: Strikes out swinging
Top of the 7th over - 4 runs, 3 hits, 0 errors, 0 left on base; ACL Minnesota 10 - ACL Ottawa 1
BOTTOM OF THE 7TH
ACL Ottawa Lynx batting - Pitching for ACL Minnesota Twins : LHP Arlen James
Batting: RHB Ed Collier 0-0: Called Strike
0-1: Called Strike
0-2: Ball
1-2: Strikes out swinging
Pinch Hitting: RHB Bert Gutiérrez 0-0: Swinging Strike
0-1: Called Strike
0-2: Ball
1-2: Foul Ball, location: 2F
1-2: Ball
2-2: Strikes out swinging
Batting: RHB Pat Lee 0-0: Ball
1-0: Swinging Strike
1-1: Foul Ball, location: 9LMF
1-2: Ball
2-2: Ball
3-2: Strikes out swinging
Bottom of the 7th over - 0 runs, 0 hits, 0 errors, 0 left on base; ACL Minnesota 10 - ACL Ottawa 1
TOP OF THE 8TH
ACL Minnesota Twins batting - Pitching for ACL Ottawa Lynx : RHP Víctor Gutiérrez
Now at 2B: Pat Lee
Now at SS: Bert Gutiérrez
Batting: RHB Ron Mitchell 0-0: Foul Ball, location: 2F
0-1: Ball
1-1: Called Strike
1-2: Strikes out swinging
Batting: RHB Ronnie Spencer 0-0: Ball
1-0: Ball
2-0: Ball
3-0: Base on Balls
Pinch Hitting: SHB J.R. Brown 0-0: Ball
1-0: Ball
2-0: Ball
3-0: Hit by Pitch
Ronnie Spencer to second
Batting: RHB Chris McAllister 0-0: Ball
1-0: Foul Ball, location: 9LMF
1-1: Ball
2-1: Ball
3-1: Swinging Strike
3-2: Base on Balls
Ronnie Spencer to third
J.R. Brown to second
Batting: RHB Del John 0-0: Called Strike
0-1: Grounds into double play, 6-4-3 (Groundball, 6S, EV 93.1 MPH)
Top of the 8th over - 0 runs, 0 hits, 0 errors, 2 left on base; ACL Minnesota 10 - ACL Ottawa 1
BOTTOM OF THE 8TH
ACL Ottawa Lynx batting - Pitching for ACL Minnesota Twins : LHP Arlen James
Pitching: LHP Tom Devereux
Now at 2B: J.R. Brown
Batting: RHB Randy Bean 0-0: Called Strike
0-1: Fly out, F8 (Flyball, 8LD, EV 78.8 MPH)
Batting: RHB Joey Oldknow 0-0: Fly out, F5 (Popup, 5SF, EV 80.6 MPH)
Batting: RHB Kevin Lucas 0-0: Fly out, F8 (Flyball, 89M, EV 90.0 MPH)
Bottom of the 8th over - 0 runs, 0 hits, 0 errors, 0 left on base; ACL Minnesota 10 - ACL Ottawa 1
TOP OF THE 9TH
ACL Minnesota Twins batting - Pitching for ACL Ottawa Lynx : RHP Víctor Gutiérrez
Pitching: RHP Luis Chiostro
Batting: RHB Wes Reynalds 0-0: Ball
1-0: Ground out 6-3 (Groundball, 6, EV 86.9 MPH)
Batting: RHB Danny Bowman 0-0: Called Strike
0-1: Ball
1-1: Ball
2-1: Fly out, F9 (Flyball, 89S, EV 92.5 MPH)
Batting: RHB Steve Stevenson 0-0: Ball
1-0: Ball
2-0: Swinging Strike
2-1: Ball
3-1: Base on Balls
Pinch Hitting: RHB Horace Blanco 0-0: Swinging Strike
0-1: Ball
1-1: Ball
2-1: Foul Ball, location: 3SF
2-2: Strikes out looking
Top of the 9th over - 0 runs, 0 hits, 0 errors, 1 left on base; ACL Minnesota 10 - ACL Ottawa 1
BOTTOM OF THE 9TH
ACL Ottawa Lynx batting - Pitching for ACL Minnesota Twins : LHP Tom Devereux
Now at 1B: Sean Marsh
Pinch Hitting: SHB Doug Shaw 0-0: Ball
1-0: Ball
2-0: Ball
3-0: Called Strike
3-1: Base on Balls
Pinch Hitting: RHB Chris Lott 0-0: Swinging Strike
0-1: Ball
1-1: Ball
2-1: Swinging Strike
2-2: Strikes out looking
Pinch Hitting: RHB Tony Papp 0-0: Ball
1-0: Foul Ball, location: 9LMF
1-1: Fly out, F8 (Flyball, 8RD, EV 98.1 MPH)
Pinch Hitting: RHB Steve Clark 0-0: Ball
1-0: Ball
2-0: Fielders Choice at 2nd, 6-4 (Groundball, 6, EV 103.8 MPH)
Bottom of the 9th over - 0 runs, 0 hits, 0 errors, 1 left on base; ACL Minnesota 10 - ACL Ottawa 1
Friday, May 3rd , 2024 - OOTP Baseball 24.10 Build 82